 Seeded DCSS version 0.26-a0-967-g64875d0 (webtiles) character file.

Game seed: 4540930541538424394 (custom seed)

702617 araganzar the Slayer (level 27, -1/241 HPs)
             Began as a Hill Orc Brigand on Nov 30, 2020.
             Was the Champion of Okawaru.
             Slain by an Orb Guardian (30 damage)
             ... on level 5 of the Realm of Zot on Dec 3, 2020.
             The game lasted 05:18:35 (95300 turns).

araganzar the Slayer (Hill Orc Brigand)            Turns: 95300, Time: 05:18:35

Health: -1/241     AC: 18    Str: 24    XL:     27
Magic:  28/32      EV: 18    Int: 10    God:    Okawaru [******]
Gold:   6554       SH:  0    Dex: 14    Spells: 22/32 levels left

rFire    + + .     SeeInvis .     - Unarmed
rCold    + + .     Faith    .   (shield currently unavailable)
rNeg     + + +     Spirit   .   (armour currently unavailable)
rPois    ∞         Reflect  .   (helmet currently unavailable)
rElec    +         Harm     .   (cloak currently unavailable)
rCorr    +         Rampage  .   (gloves currently unavailable)
MR       ++...                  (boots currently unavailable)
Stlth    ++++......             (amulet currently unavailable)
HPRegen  0.50/turn              (ring currently unavailable)
MPRegen  0.23/turn              (ring currently unavailable)

@: mighty, about to teleport, wisp-form, heroism, finesse, vertigo, flying, very
slightly contaminated, held, slowed, slow
A: tiny, dopey 1, frail 1, mutation resistance 1
}: 3/15 runes: barnacled, silver, gossamer
a: Heroism, Finesse, Renounce Religion


You were on level 5 of the Realm of Zot.
You worshipped Okawaru.
Okawaru was exalted by your worship.
You were an insubstantial wisp.
You visited 11 branches of the dungeon, and saw 53 of its levels.
You also visited: Trove, Sewer, Bailey, Ice Cave, Volcano and Wizlab.

You collected 15130 gold pieces.
You spent 8576 gold pieces at shops.


Innate Abilities, Weirdness & Mutations

((You have sharp fingernails.))
You are dopey. (Int -2)
You are frail. (-10% HP)
You are somewhat resistant to further mutation.


   Skills:
 + Level 25.9(27) Fighting
 - Level 2.0(7.9) Short Blades
 - Level 3.6(9.0) Long Blades
 - Level 20.0(25.0) Axes
 - Level 13.8(20.6) Slings
 - Level 12.6(20.0) Throwing
 - Level 22.0(27) Armour
 + Level 18.8(23.8) Dodging
 - Level 3.2(8.2) Stealth
 - Level 25.0(27) Shields
 - Level 3.0 Spellcasting
 - Level 4.0 Necromancy
 - Level 4.0 Translocations
 - Level 4.0 Transmutations
 - Level 12.0 Invocations
 - Level 10.0 Evocations


You had 22 spell levels left.
You knew the following spells:

 Your Spells              Type           Power        Failure   Level
a - Wereblood             Tmut           #.......     17%         2
b - Blink                 Tloc           N/A          17%         2
c - Animate Dead          Necr           #.........   63%         4
g - Apportation           Tloc           #.....       12%         1
A - Animate Skeleton      Necr           #.....       12%         1

Your spell library contained the following spells:

 Spells                   Type           Power        Failure   Level
 Beastly Appendage        Tmut           #.....       12%         1
 Pain                     Necr           #...         12%         1
 Sublimation of Blood     Necr           #.........   17%         2
 Sting                    Tmut/Pois      #...         22%         1
 Gell's Gravitas          Tloc           #.........   28%         3
 Lesser Beckoning         Tloc           #.........   28%         3
 Vampiric Draining        Necr           #.........   28%         3
 Corpse Rot               Necr/Air       N/A          32%         2
 Passwall                 Tmut/Erth      #.......     32%         2
 Corona                   Hex            #......      43%         1
 Foxfire                  Conj/Fire      #...         43%         1
 Freeze                   Ice            #...         43%         1
 Magic Dart               Conj           #...         43%         1
 Sandblast                Erth           #.....       43%         1
 Shock                    Conj/Air       #...         43%         1
 Summon Small Mammal      Summ           #...         43%         1
 Portal Projectile        Hex/Tloc       #.....       52%         3
 Spider Form              Tmut/Pois      #.........   52%         3
 Call Imp                 Summ           #.......     54%         2
 Ensorcelled Hibernation  Hex/Ice        #.....       54%         2
 Poisonous Vapours        Pois/Air       #.....       54%         2
 Searing Ray              Conj           #.....       54%         2
 Slow                     Hex            #.......     54%         2
 Swiftness                Air            #.......     54%         2
 Dispel Undead            Necr           #.......     63%         4
 Passage of Golubria      Tloc           N/A          63%         4
 Call Canine Familiar     Summ           #.......     77%         3
 Confusing Touch          Hex            #.......     77%         3
 Conjure Flame            Conj/Fire      #.......     77%         3
 Dazzling Flash           Conj/Hex       #.....       77%         3
 Frozen Ramparts          Ice            #.....       77%         3
 Mephitic Cloud           Conj/Pois/Air  #.......     77%         3
 Ozocubu's Armour         Ice            #.......     77%         3
 Static Discharge         Conj/Air       #.......     77%         3
 Stone Arrow              Conj/Erth      #.....       77%         3
 Summon Guardian Golem    Hex/Summ       #.......     77%         3
 Tukima's Dance           Hex            #.......     77%         3
 Ice Form                 Ice/Tmut       #.......     87%         4
 Iskenderun's Mystic Bla  Conj/Tloc      #.......     87%         4
 Petrify                  Tmut/Erth      #.......     87%         4
 Agony                    Necr           #.......     91%         5
 Blade Hands              Tmut           #.........   91%         5
 Excruciating Wounds      Necr           #.........   91%         5
 Airstrike                Air            #.........   98%         4
 Cause Fear               Hex            #.........   98%         4
 Fulminant Prism          Conj/Hex       #.........   98%         4
 Hailstorm                Conj/Ice       #.......     98%         4
 Summon Ice Beast         Ice/Summ       #.......     98%         4
 Summon Lightning Spire   Summ/Air       #.......     98%         4
 Alistair's Intoxication  Tmut/Pois      #........    99%         5
 Borgnjor's Vile Clutch   Necr/Erth      #.........   99%         5
 Summon Forest            Summ/Tloc      #.........   99%         5
 Yara's Violent Unravell  Hex/Tmut       #.........   99%         5
 Lee's Rapid Deconstruct  Erth           #.........   100%        5
 Lightning Bolt           Conj/Air       #.........   100%        5
 Metabolic Englaciation   Hex/Ice        #.........   100%        5
 Silence                  Hex/Air        #.........   100%        5
 Summon Mana Viper        Hex/Summ       #.......     100%        5
 Death Channel            Necr           #.........   100%        6
 Dispersal                Tloc           #.........   100%        6
 Eringya's Noxious Bog    Tmut/Pois      #.........   100%        6
 Freezing Cloud           Conj/Ice/Air   #.........   100%        6
 Hydra Form               Tmut           #.........   100%        6
 Invisibility             Hex            #.......     100%        6
 Ozocubu's Refrigeration  Ice            #.........   100%        6
 Simulacrum               Ice/Necr       #.........   100%        6
 Starburst                Conj/Fire      #.........   100%        6
 Dragon Form              Tmut           #.........   100%        7
 Haunt                    Necr/Summ      #.........   100%        7
 Malign Gateway           Summ/Tloc      #.........   100%        7
 Monstrous Menagerie      Summ           #.........   100%        7
 Orb of Destruction       Conj           #.........   100%        7
 Summon Greater Demon     Summ           #.........   100%        7
 Summon Hydra             Summ           #.........   100%        7
 Borgnjor's Revivificati  Necr           #.........   100%        8
 Discord                  Hex            #.........   100%        8
 Disjunction              Tloc           #.........   100%        8
 Infestation              Necr           #.........   100%        8
 Necromutation            Tmut/Necr      #.........   100%        8
 Summon Horrible Things   Summ           #.........   100%        8
 Death's Door             Necr           #.........   100%        9
 Dragon's Call            Summ           #.........   100%        9

Inventory:

Hand Weapons
 a - the +3 sling "Punk" {acid, rCorr}
   (You took it off a gnoll sergeant in a bailey)

   It provides partial protection from all sources of acid and corrosion.
 b - a +9 vorpal broad axe (melded)
   (You found it on level 4 of the Shoals)
 c - the +4 broad axe "Nut Wed" {drain, MR+ Stlth+}
   (Okawaru gifted it to you on level 3 of the Lair of Beasts)

   A truly terrible weapon, it drains the life of those it strikes.
   It affects your resistance to hostile enchantments.
   It makes you more stealthy.
 o - a +9 trishula of holy wrath
   (You took it off Mennas on level 2 of the Vaults)
Missiles
 h - 9 throwing nets {=f, !d}
 C - 51 silver javelins (quivered)
 E - 501 sling bullets
Armour
 k - the +3 crown of Dyrovepreva (melded) {rElec Int+2 SInv}
   (You found it on level 5 of the Vaults)

   It affects your intelligence (+2).
   It insulates you from electricity.
   It lets you see invisible.
 u - a scarf of repulsion (melded)
   (Okawaru gifted it to you on level 13 of the Dungeon)
 x - the +0 pair of gloves "Weowowki" (melded) {rF+}
   (Okawaru gifted it to you on level 4 of the Vaults)

   It protects you from fire.
 G - a +2 pair of gloves of archery
   (Okawaru gifted it to you on level 3 of the Realm of Zot)
 I - the +4 pearl dragon scales of Protective Custody (melded) {rPois rN+ MR+ Stlth-}
   (You bought it in a shop on level 2 of the Orcish Mines)

   It protects you from poison.
   It protects you from negative energy.
   It affects your resistance to hostile enchantments.
   It makes you less stealthy.
 L - a +8 tower shield of fire resistance (melded)
   (Okawaru gifted it to you on level 2 of the Elven Halls)
 S - a +2 pair of boots of running (melded)
   (You found it in a wizard's laboratory)
Jewellery
 g - a ring of protection from cold (melded) {rC+, !d}
   (You found it on level 1 of the Dungeon)
 n - an uncursed ring of see invisible {sInv, !d}
   (You bought it in a shop on level 4 of the Shoals)
 q - a +4 ring of slaying (melded)
   (You took it off a spriggan defender on level 4 of the Depths)
 t - the ring "Zoyprool" {+Fly Int+7}
   (You took it off a tengu warrior on level 4 of the Depths)

   [ring of flight]

   It affects your intelligence (+7).
   It lets you fly.
 w - an uncursed ring of protection from magic {MR+, !d}
   (You took it off a yaktaur captain on level 5 of the Vaults)
 D - an amulet of regeneration (melded) {+regen, !d}
   (You acquired it on level 3 of the Depths)
Wands
 p - a wand of acid (34)
   (You found it on level 12 of the Dungeon)
 z - a wand of digging (14)
   (You took it off Grinder on level 3 of the Dungeon)
 R - a wand of iceblast (42)
   (You found it on level 11 of the Dungeon)
Scrolls
 e - 3 scrolls of summoning
 f - 15 scrolls of fog
 j - 15 scrolls of blinking {!r}
 m - 23 scrolls of identify
 r - 4 scrolls of holy word {!r}
 v - 38 scrolls of remove curse
 y - 3 scrolls of silence
 H - 19 scrolls of teleportation
 P - 3 scrolls of magic mapping {!r}
 T - 2 scrolls of amnesia
 Y - 5 scrolls of fear
Potions
 d - 7 potions of berserk rage {!q}
 i - 10 potions of ambrosia
 l - 14 potions of lignification {!q}
 s - 11 potions of haste
 A - 16 potions of curing
 B - 6 potions of cancellation
 F - 4 potions of invisibility
 J - 2 potions of resistance
 K - 6 potions of heal wounds
 M - 3 potions of magic
 N - 9 potions of flight
 Q - 3 potions of mutation {!q}
 V - 5 potions of might
 X - a potion of attraction {!q}
Miscellaneous
 O - a phantom mirror
   (You found it in a bailey)
 U - a phial of floods
   (You found it on level 4 of the Spider Nest)
 W - a box of beasts
   (You found it on level 4 of the Lair of Beasts)

.....███...............^......,,*
^.....██.^.............q.......**
....^.X█....^..^..............█*
.0............(.(............██
.......█....X.(..p............██
......██...y...................█*
.....███...........[..§.........*
█████* ▒.......d§z.^............*
▒▒......dv✱dy...........█*
▒▒█.§..Xqq...^........█*
████..XX...(^..p...██
▒███████████▒▒.....██
▒▒▒.†)..)^.^.^(y......▒*
▒▒..).▒▒.....(^..^......▒*
▒▒▒▒▒▒▒...▒▒▒..................▒*
.....^.).▒▒▒.......(............*
.......)▒▒ ▒....................*


You could see an orb of fire, a Killer Klown, a black draconian (berserk), a red
draconian (berserk), a white draconian (berserk), a death cob, a red draconian
stormcaller, 4 Orb Guardians, 2 draconians and 2 moths of wrath.


Message History

Unknown command.
Unknown command.
You feel much better.
Your hearing returns.
The death cob hits you!!
* * * LOW HITPOINT WARNING * * *
The death cob hits you!
* * * LOW HITPOINT WARNING * * *
The Killer Klown blinks!
The red draconian rages.
The Killer Klown pies you viciously! The klown pie hits you!
Moon pie!
You turn into an insubstantial wisp.
Your +9 vorpal broad axe melds into your body.
Your scarf of repulsion melds into your body.
The +3 crown of Dyrovepreva {rElec Int+2 SInv} melds into your body.
The +0 pair of gloves "Weowowki" {rF+} melds into your body.
Your +2 pair of boots of running melds into your body.
Your +8 tower shield of fire resistance melds into your body.
The +4 pearl dragon scales of Protective Custody {rPois rN+ MR+ Stlth-} melds into your body.
Your ring of protection from cold {rC+, !d} melds into your body.
Your +4 ring of slaying melds into your body.
Your amulet of regeneration {+regen, !d} melds into your body.
The haze of the repulsion field disappears.
You feel rather sluggish.
You feel less resistant to fire.
* * * LOW HITPOINT WARNING * * *
The red draconian scorcher closely misses you.
The white draconian hits you with a +0 battleaxe!
* * * LOW HITPOINT WARNING * * *
The black draconian closely misses you. The Orb Guardian hits you!!
You die...

Action                   |  1- 3 |  4- 6 |  7- 9 | 10-12 | 13-15 | 16-18 | 19-21 | 22-24 | 25-27 || total
-------------------------+-------+-------+-------+-------+-------+-------+-------+-------+-------++-------
Melee: Dagger            |   132 |   255 |   100 |       |       |       |       |       |       ||   487
       War axe           |       |       |   125 |       |       |       |       |       |       ||   125
       Falchion          |       |       |    17 |       |       |       |       |       |       ||    17
       Punch             |       |       |     1 |       |       |       |       |       |       ||     1
       Broad axe         |       |       |       |    42 |   717 |   937 |  1465 |  1624 |  2866 ||  7651
 Fire: Hunting sling     |       |       |   200 |   229 |       |       |       |       |       ||   429
       Fustibalus        |       |       |       |   435 |   553 |   763 |   544 |   452 |   403 ||  3150
Throw: Dart              |     2 |    33 |    18 |       |       |       |       |       |       ||    53
       Javelin           |       |       |       |       |       |     5 |    10 |    42 |    45 ||   102
       Throwing net      |       |       |       |       |       |       |       |       |     2 ||     2
 Cast: Blink             |       |       |       |       |       |       |       |       |     1 ||     1
Invok: Heroism           |       |     1 |     8 |     9 |    14 |    18 |    21 |    20 |    33 ||   124
       Finesse           |       |       |       |     1 |       |     1 |     4 |     2 |     7 ||    15
Evoke: Wand              |       |     1 |       |     2 |     4 |     2 |       |     8 |     6 ||    23
       Box of beasts     |       |       |       |       |       |       |     1 |       |       ||     1
  Use: Scroll            |       |     9 |     8 |    12 |     7 |     4 |    16 |    23 |    31 ||   110
       Potion            |       |     1 |       |     7 |       |     3 |     2 |     6 |     8 ||    27
 Stab: Sleeping          |     3 |    10 |       |       |     5 |     4 |     3 |     1 |       ||    26
       Paralysed         |       |       |       |       |     4 |       |       |       |       ||     4
       Distracted        |       |       |       |       |       |       |     1 |     1 |     4 ||     6
       Held in net/web   |       |       |       |       |       |       |       |       |     3 ||     3
       Confused          |       |       |       |       |       |       |       |       |     1 ||     1
Armor: Leather armour    |    35 |    44 |       |       |       |       |       |       |       ||    79
       Chain mail        |       |   101 |   185 |    88 |       |       |       |       |       ||   374
       Skin              |       |    38 |     9 |       |       |       |       |       |       ||    47
       Fire dragon scale |       |       |       |    68 |   315 |   296 |   143 |       |       ||   822
       Pearl dragon scal |       |       |       |       |       |       |   443 |   420 |   592 ||  1455
Dodge: Dodged            |    70 |   121 |   124 |   102 |   354 |   411 |   691 |   440 |   709 ||  3022
       Repelled          |       |       |       |       |     4 |     8 |     9 |    15 |    56 ||    92
Block: Other             |       |       |    42 |    32 |       |       |       |       |       ||    74
       Reflection        |       |       |     1 |       |    26 |    76 |    35 |    83 |    16 ||   237
       Buckler           |       |       |       |    83 |   531 |   569 |   777 |       |       ||  1960
       Kite shield       |       |       |       |       |       |       |   123 |  1130 |       ||  1253
       Tower shield      |       |       |       |       |       |       |       |   103 |  3005 ||  3108
       Rpst.: Falchion   |       |       |     2 |       |       |       |       |       |       ||     2

Levels and vault maps discovered:
D:1:      heliophobic_arrival_dark_side_of_the_moon, layout_basic,
          minmay_misc_feat_iff
D:2:      layout_basic, grunt_temple_overflow_opulence, minmay_pentomino_s4
D:3:      layout_basic, gammafunk_ghost_grave, uniq_grinder
D:4:      layout_basic, elyvilon_altar_4, minmay_temple_entry_stoned_glass,
          portal_sewer_entry_e, grunt_dithmenos_smoke
D:5:      layout_layer_cave, basic_altar, minmay_misc_feat_pillars
D:6:      layout_loops_ring, grunt_temple_overflow_open,
          gammafunk_temple_overflow_arena, fedhas_altar_2
D:7:      layout_basic, gammafunk_ghost_smash
D:8:      layout_loops_ring, enter_bailey_5
D:9:      layout_cave_pods, gammafunk_temple_overflow_statue, basic_altar,
          st_stairs_3, guppyfry_early_elven_hall
D:10:     layout_loops_ring
D:11:     dragon1_lemuel, layout_stronghold, lair_entry_dummy
D:12:     layout_loops_ring, orc_0_dummy, enter_trove_3, serial_glass,
          glass_columns_a, glass_columns_b
D:13:     layout_roguey, ximxim_vaults_locker_room
D:14:     layout_irregular_city, portal_ice_cave_demonic_guard, nrook_uturn,
          serial_shops, shop, nicolae_shop_waterfront, shop,
          nicolae_shop_waterfront, nicolae_shop_crystal, uniq_snorg
D:15:     grunt_enter_depths_magical_seal, layout_loops_ring,
          yredelemnul_altar_generic, wad_dig_loot
Temple:   minmay_temple_forest_path
Lair:1:   layout_regular_city, ldierk_geyser, serial_bayou_pond_d,
          chequers_serial_rivers_large_a
Lair:2:   dpeg_oklob_gauntlet, layout_big_grid, minmay_shoals_entry_centaurs,
          spider_nest_entry_rubble
Lair:3:   layout_gridlike, bobbens_dragon_lair_wall, serial_bayou_shore_b
Lair:4:   layout_cave_pods, chequers_serial_rivers_micro_b, st_stairs_4,
          lemuel_altar_in_water2
Lair:5:   layout_regular_city, minmay_slime_entry_pillars, grunt_megastairs_2
Lair:6:   grunt_lair_end_beastmaster, layout_regular_city, enter_volcano_4,
          uniq_nessos
Shoals:1: layout_shoals, kb_tengu_band
Shoals:2: layout_shoals, uniq_polyphemus
Shoals:3: layout_shoals, nicolae_shoals_hunting_party
Shoals:4: shoals_end_grunt_ice, layout_shoals, serial_shops, shop,
          nicolae_shoals_this_corrosion, uniq_aizul
Spider:1: layout_chambers, einodemon_crawler_minivault,
          hangedman_spider_tarantella_strand, uniq_nikola
Spider:2: layout_spider_delve
Spider:3: layout_spider_delve, nicolae_orb_stairs
Spider:4: spider_rune_water, spiders_nest_ghost_moth_duel, uniq_roxanne
Orc:1:    layout_caves
Orc:2:    pf_orc_diabolical, layout_caves, uniq_rupert
Elf:1:    minmay_elf_arrival_plus, layout_loops_ring, hangedman_corner_corridor,
          minmay_elf_annihilation
Elf:2:    layout_geoelf_octagon, special_room [special_room_orc]
Elf:3:    grunt_elf_hall_asides, layout_geoelf_grid, columned_hall_lemuel
Vaults:1: nicolae_vaults_gold_heap, v_misc_30, nicolae_vaults_rhombus_5,
          nicolae_vaults_angled_halls, nicolae_vaults_diagonal_hallway_6,
          vaults_mumra_hex, layout_vaults_omnigrid
Vaults:2: hangedman_vaults_maws, ontoclasm_vaults_ring_small, vaults_room_grid,
          hangedman_vaults_stream, v_misc_1, v_misc_17, v_pattern_5,
          vaults_mumra_hexcomb, vaults_room_ringed_pool,
          ontoclasm_vaults_bender, nicolae_vaults_little_squares_5,
          vaults_dpeg_diagonal, layout_vaults_omnibox, serial_shops,
          nicolae_shop_trees, serial_glass, uniq_margery, uniq_bai_suzhen,
          uniq_mennas
Vaults:3: blue_anna_dwarven_crypt, nicolae_vaults_little_squares_6,
          ontoclasm_vaults_pinch, v_misc_12, vaults_dpeg_cross,
          ontoclasm_vaults_echo, vaults_room_door_hall,
          ontoclasm_vaults_shuriken, vaults_room_fours, vaults_room_hallway,
          layout_vaults_omnicross, serial_shops, shop, uniq_saint_roka
Vaults:4: nicolae_vaults_twisting_passages, nicolae_vaults_big_ls,
          nicolae_vaults_specimen_jars, nicolae_vaults_octagons,
          ontoclasm_vaults_eye, ontoclasm_vaults_twist, v_misc_1,
          vaults_room_boxed, ontoclasm_vaults_tryst, ontoclasm_vaults_spin,
          nicolae_vaults_angled_halls, ontoclasm_vaults_gateway,
          layout_vaults_ring, serial_shops, nicolae_shop_stone,
          nicolae_shop_stone
Vaults:5: uniq_boris
Crypt:1:  layout_basic, ebering_ghost_reflecting_pool, st_stairs_5, uniq_khufu
Crypt:2:  layout_regular_city, uniq_xtahua
Crypt:3:  church_of_pain_bobbens, layout_chaotic_city,
          tomb_entry_simple_bobbens, mu_enter_wizlab_5
Depths:1: layout_big_octagon, enter_ziggurat_c, hangedman_coc_ice_floe,
          basic_altar, minmay_misc_feat_chi, lightli_corner_chamber
Depths:2: little_maze_vault, layout_basic, grunt_hell_entry_dis_mu,
          minmay_misc_feat_alley, serial_bayou_shore_b,
          minmay_staircase_windowed_small, serial_bayou_shore_b,
          roderic_lattice_octagonal_star, minmay_shoptagon, firewood_loft
Depths:3: hangedman_crystal_crosses_colossus [crystal_crosses_arms_four,
          crystal_crosses_arms_two, crystal_crosses_arms_two,
          crystal_crosses_arms_one], hell_entry, pan_entry, serial_shops,
          uniq_enchantress
Depths:4: minmay_the_grid_square_5x5_4x4_mashed
          [minmay_the_grid_square_5x5_fancy_junction,
          minmay_the_grid_square_5x5_inverted_slash,
          minmay_the_grid_square_5x5_bracketed, minmay_the_grid_square_5x5_comb,
          minmay_the_grid_square_5x5_n,
          minmay_the_grid_square_5x5_prize_pseudospiral,
          minmay_the_grid_square_5x5_prize_snowflake,
          minmay_the_grid_square_5x5_beaten_path,
          minmay_the_grid_square_5x5_one_wall,
          minmay_the_grid_square_5x5_prize_itemx,
          minmay_the_grid_square_5x5_prize_deathbox,
          minmay_the_grid_square_5x5_inner_z,
          minmay_the_grid_square_5x5_minivault,
          minmay_the_grid_square_5x5_eight_small,
          minmay_the_grid_square_5x5_pentomino_r,
          minmay_the_grid_square_5x5_seven], layout_honeycomb,
          minmay_strange_pillars, hell_entry, abyss_entry
Depths:5: lemuel_castle_with_subvaults [lemuel_castle_interior_carwin_2],
          layout_gridville, minmay_misc_feat_room, grunt_metal_band, abyss_entry
Zot:1:    layout_misc_corridors
Zot:2:    layout_onion_interference, lemuel_baited_zot_trap
Zot:3:    layout_gridlike
Zot:4:    regret_index_qazlal_generations, layout_basic
Zot:5:    layout_onion

Notes
Turn   | Place    | Note
-------+----------+-------------------------------------------
     0 | D:1      | araganzar the Hill Orc Brigand began the quest for the Orb.
     0 | D:1      | Reached XP level 1. HP: 18/18 MP: 1/1
   115 | D:1      | Reached skill level 3 in Fighting
   272 | D:1      | Reached XP level 2. HP: 26/26 MP: 2/2
   578 | D:1      | Reached skill level 4 in Fighting
   915 | D:1      | Reached XP level 3. HP: 26/33 MP: 3/3
  1464 | D:2      | Reached skill level 1 in Armour
  1810 | D:2      | Reached XP level 4. HP: 37/41 MP: 4/4
  2201 | D:2      | Reached skill level 2 in Armour
  2422 | D:2      | Found an opulent altar of Gozag.
  2423 | D:2      | Found a sparkling altar of Nemelex Xobeh.
  3214 | D:3      | Found a runed translucent door.
  3214 | D:3      | Noticed skewfiend's ghost (amateur HuAM)
  3252 | D:3      | Reached skill level 5 in Fighting
  3470 | D:3      | Reached XP level 5. HP: 48/48 MP: 5/5
  3568 | D:3      | Noticed Grinder
  3625 | D:4      | Got a smoking chain mail
  3635 | D:4      | Found a staircase to the Ecumenical Temple.
  3642 | D:4      | Reached skill level 2 in Throwing
  3652 | D:4      | Noticed a centaur
  3654 | Temple   | Entered the Ecumenical Temple
  3665 | Temple   | Identified the +2 chain mail of Indecent Exposure {rCorr}
                  | (You found it on level 4 of the Dungeon)
  3866 | Temple   | Became a worshipper of Warmaster Okawaru
  3900 | D:4      | Killed a centaur
  3901 | D:4      | Reached skill level 3 in Armour
  3924 | D:4      | Found a shadowy altar of Dithmenos.
  4010 | D:4      | Reached XP level 6. HP: 55/56 MP: 6/6
  4045 | D:4      | Found a glowing drain.
  4072 | Sewer    | Entered a sewer
  4211 | Sewer    | Noticed Purgy
  4240 | Sewer    | Killed Purgy
  4240 | Sewer    | Reached * piety under Okawaru
  4241 | Sewer    | Reached skill level 6 in Fighting
  4241 | Sewer    | Reached skill level 3 in Throwing
  4441 | D:3      | Paralysed by Grinder for 2 turns
  4448 | D:3      | Paralysed by Grinder for 2 turns
  4470 | D:3      | Paralysed by Grinder for 4 turns
  4477 | D:3      | Killed Grinder
  4478 | D:3      | Reached skill level 4 in Axes
  4478 | D:3      | Reached XP level 7. HP: 63/63 MP: 7/7
  4959 | D:4      | Found a white marble altar of Elyvilon.
  5505 | D:5      | Entered Level 5 of the Dungeon
  5629 | D:5      | Reached skill level 5 in Axes
  6041 | D:5      | Reached skill level 6 in Axes
  6076 | D:5      | Reached skill level 4 in Armour
  6267 | D:5      | Found a bloodstained altar of Trog.
  6295 | D:5      | Reached ** piety under Okawaru
  6296 | D:5      | Reached skill level 7 in Axes
  6296 | D:5      | Reached XP level 8. HP: 65/70 MP: 8/8
  6906 | D:6      | Reached skill level 1 in Long Blades
  6944 | D:6      | Reached skill level 2 in Long Blades
  6951 | D:6      | Reached skill level 3 in Long Blades
  7152 | D:6      | Found a blossoming altar of Fedhas.
  7153 | D:6      | Noticed a boulder beetle
  7158 | D:6      | Found a transporter.
  7168 | D:6      | Found a transporter.
  7254 | D:6      | Reached skill level 8 in Axes
  7332 | D:6      | Got an iridescent hunting sling
  7340 | D:6      | Identified the +7 hunting sling of Hospitality {venom, rC+}
                  | (You found it on level 6 of the Dungeon)
  7374 | D:6      | Found a radiant altar of Vehumet.
  7399 | D:6      | Reached skill level 1 in Slings
  7401 | D:6      | Found a shadowy altar of Dithmenos.
  7403 | D:6      | Found a blossoming altar of Fedhas.
  7420 | D:6      | Reached skill level 2 in Slings
  7469 | D:6      | Found a hide-covered altar of Uskayaw.
  7469 | D:6      | Found a snail-covered altar of Cheibriados.
  7484 | D:6      | Reached skill level 3 in Slings
  7596 | D:6      | Reached XP level 9. HP: 76/78 MP: 9/9
  7893 | D:7      | Reached skill level 4 in Slings
  8090 | D:7      | Reached *** piety under Okawaru
  8134 | D:7      | Reached skill level 9 in Axes
  8356 | D:7      | Found a transporter.
  8357 | D:7      | Noticed lyrin's ghost (novice MfIE)
  8654 | D:7      | Got a slimy hunting sling
  8655 | D:7      | Identified the +8 hunting sling of the Past {venom, rF+
                  | Int+2} (You found it on level 7 of the Dungeon)
  8772 | D:7      | Reached skill level 5 in Slings
  8888 | D:7      | Reached skill level 1 in Invocations
  9032 | D:8      | Reached skill level 2 in Invocations
  9035 | D:8      | Found a flagged portal.
  9042 | D:8      | Reached skill level 3 in Invocations
  9073 | Bailey   | Entered a bailey
  9095 | Bailey   | Reached skill level 4 in Invocations
  9366 | Bailey   | Reached skill level 10 in Axes
  9525 | Bailey   | Reached skill level 7 in Fighting
  9543 | Bailey   | Reached **** piety under Okawaru
  9544 | Bailey   | Reached skill level 5 in Armour
  9577 | Bailey   | Reached XP level 10. HP: 82/86 MP: 10/13
 10946 | D:9      | Reached skill level 6 in Armour
 10952 | D:9      | Gained mutation: You have sharp fingernails. [potion of
                  | mutation]
 10952 | D:9      | Gained mutation: You are somewhat resistant to further
                  | mutation. [potion of mutation]
 10958 | D:9      | Reached skill level 8 in Fighting
 10958 | D:9      | Reached skill level 5 in Invocations
 11023 | D:9      | Found an opulent altar of Gozag.
 11077 | D:9      | Received a gift from Okawaru
 11078 | D:9      | Reached skill level 6 in Slings
 11104 | D:9      | Reached skill level 11 in Axes
 11232 | D:9      | Reached ***** piety under Okawaru
 11347 | D:9      | Noticed a two-headed ogre
 11364 | D:9      | Killed a two-headed ogre
 11364 | D:9      | Received a gift from Okawaru
 11365 | D:9      | Reached skill level 6 in Invocations
 11365 | D:9      | Reached XP level 11. HP: 36/95 MP: 15/15
 11365 | D:9      | Got an ancient battleaxe {god gift}
 11598 | D:8      | Identified the +2 battleaxe "Seschodd" {freeze, *Rage rC+++
                  | MR- Str+4} (Okawaru gifted it to you on level 9 of the
                  | Dungeon)
 11730 | D:9      | Reached skill level 12 in Axes
 11803 | D:9      | Reached skill level 9 in Fighting
 12123 | D:9      | Noticed a deep elf mage
 12129 | D:9      | Killed a deep elf mage
 12489 | D:9      | Found a stormy altar of Qazlal.
 12490 | D:9      | Found an ornate altar of the Wu Jian Council.
 12631 | D:10     | Entered Level 10 of the Dungeon
 12817 | D:10     | Reached skill level 13 in Axes
 13105 | D:10     | Reached skill level 1 in Shields
 13269 | D:10     | Received a gift from Okawaru
 13276 | D:10     | Reached skill level 2 in Shields
 13513 | D:10     | Identified Sif Muna's Incunabulum of Creative Poisoning
 13846 | D:11     | Reached skill level 10 in Fighting
 14096 | D:11     | Found a staircase to the Lair.
 14110 | D:11     | Received a gift from Okawaru
 14116 | D:11     | Reached skill level 3 in Shields
 14209 | D:11     | Reached skill level 7 in Slings
 14209 | D:11     | Noticed a fire dragon
 14224 | D:11     | Killed a fire dragon
 14946 | D:11     | Reached skill level 4 in Shields
 14953 | D:11     | Noticed a red ugly thing
 14964 | D:11     | Killed a red ugly thing
 15020 | D:11     | Reached skill level 14 in Axes
 15285 | D:12     | Noticed a two-headed ogre
 15295 | D:12     | Reached skill level 1 in Dodging
 15295 | D:12     | Reached XP level 12. HP: 103/106 MP: 16/16
 15299 | D:12     | Killed a two-headed ogre
 15300 | D:12     | Reached skill level 7 in Armour
 15300 | D:12     | Reached skill level 2 in Dodging
 15423 | D:12     | Noticed a tengu warrior
 15445 | D:12     | Killed a tengu warrior
 15445 | D:12     | Received a gift from Okawaru
 15446 | D:12     | Reached skill level 3 in Dodging
 15570 | D:12     | Reached skill level 8 in Armour
 15700 | D:12     | Found a staircase to the Orcish Mines.
 15737 | D:12     | Reached skill level 4 in Dodging
 15967 | Lair:1   | Entered Level 1 of the Lair of Beasts
 16443 | Lair:1   | Received a gift from Okawaru
 16479 | Lair:1   | Reached skill level 5 in Dodging
 16557 | Lair:1   | Noticed a death yak
 16583 | Lair:1   | Noticed a death yak
 16585 | Lair:1   | Killed a death yak
 16585 | Lair:1   | Received a gift from Okawaru
 16594 | Lair:1   | Killed a death yak
 16595 | Lair:1   | Reached skill level 6 in Dodging
 17071 | Lair:2   | Noticed a five-headed hydra
 17463 | Lair:2   | Found a hole to the Spider Nest.
 17483 | Lair:2   | Reached skill level 8 in Slings
 17533 | Lair:2   | Killed a five-headed hydra
 17767 | Lair:2   | Found a staircase to the Shoals.
 17794 | Lair:2   | Reached skill level 5 in Shields
 17961 | Lair:2   | Received a gift from Okawaru
 18028 | Lair:2   | Reached XP level 13. HP: 88/114 MP: 17/17
 18561 | Lair:2   | Reached skill level 9 in Armour
 18748 | Lair:3   | Received a gift from Okawaru
 18754 | Lair:3   | Reached skill level 11 in Fighting
 18754 | Lair:3   | Reached skill level 6 in Shields
 18755 | Lair:3   | Reached ****** piety under Okawaru
 18765 | Lair:3   | Reached skill level 9 in Slings
 18977 | Lair:3   | Got a warped broad axe {god gift}
 18978 | Lair:3   | Identified the +4 broad axe "Nut Wed" {drain, MR+ Stlth+}
                  | (Okawaru gifted it to you on level 3 of the Lair of Beasts)
 20263 | Lair:4   | Found a glowing golden altar of the Shining One.
 20424 | Lair:4   | Reached skill level 10 in Slings
 20687 | Lair:4   | Received a gift from Okawaru
 21948 | Lair:4   | Reached skill level 12 in Fighting
 22035 | Lair:5   | Reached skill level 15 in Axes
 22036 | Lair:5   | Reached XP level 14. HP: 93/126 MP: 18/18
 22352 | Lair:5   | Reached skill level 11 in Slings
 22384 | Lair:5   | Found a staircase to the Slime Pits.
 22650 | Lair:5   | Received a gift from Okawaru
 22677 | Lair:5   | Received a gift from Okawaru
 22687 | Lair:5   | Reached skill level 16 in Axes
 22830 | Lair:5   | Received a gift from Okawaru
 23185 | Lair:6   | Entered Level 6 of the Lair of Beasts
 23221 | Lair:6   | Found a dark tunnel.
 23226 | Volcano  | Entered a volcano
 23388 | Volcano  | Found a radiant altar of Vehumet.
 23465 | Volcano  | Received a gift from Okawaru
 23739 | Lair:6   | Reached skill level 7 in Shields
 23800 | Lair:6   | Received a gift from Okawaru
 23858 | Lair:6   | Reached skill level 8 in Shields
 23867 | Lair:6   | Received a gift from Okawaru
 24452 | Lair:6   | Reached XP level 15. HP: 131/134 MP: 19/19
 24555 | Lair:6   | Noticed Nessos
 24564 | Lair:6   | Killed Nessos
 24564 | Lair:6   | Received a gift from Okawaru
 24565 | Lair:6   | Reached skill level 10 in Armour
 24945 | Lair:6   | Reached skill level 13 in Fighting
 25572 | D:12     | Received a gift from Okawaru
 25602 | D:12     | Reached skill level 17 in Axes
 25946 | D:12     | Received a gift from Okawaru
 26402 | D:12     | Found a portal to a secret trove of treasure.
 26844 | D:13     | Received a gift from Okawaru
 27158 | D:13     | Reached skill level 11 in Armour
 27178 | D:13     | Found a gate to the Vaults.
 27297 | D:13     | Received a gift from Okawaru
 27782 | D:13     | Received a gift from Okawaru
 28185 | D:14     | Found Elounel's Weapon Emporium.
 28194 | D:14     | Noticed Snorg
 28242 | D:14     | Found Ufuletan's Armour Shoppe.
 28263 | D:14     | Bought a +0 pair of gloves for 58 gold pieces
 28315 | D:14     | Killed Snorg
 28351 | D:14     | Found Bellamog's Armour Shoppe.
 28362 | D:14     | Found Owi Bira's Book Shoppe.
 28370 | D:14     | Bought a +2 buckler of protection for 301 gold pieces
 28390 | D:14     | Found Neptaewi's Gadget Boutique.
 28424 | D:14     | Found a frozen archway.
 28534 | IceCv    | Entered an ice cave
 29897 | D:14     | Reached skill level 14 in Fighting
 29897 | D:14     | Reached skill level 7 in Dodging
 30208 | D:14     | Reached XP level 16. HP: 146/146 MP: 20/20
 30461 | D:15     | Entered Level 15 of the Dungeon
 30609 | D:15     | Reached skill level 18 in Axes
 30631 | D:15     | Reached skill level 12 in Armour
 30796 | D:15     | Reached skill level 8 in Dodging
 30807 | D:15     | Found a basalt altar of Yredelemnul.
 30871 | D:15     | Received a gift from Okawaru
 30922 | D:15     | Reached skill level 12 in Slings
 31251 | D:15     | Received a gift from Okawaru
 31697 | D:15     | Found a staircase to the Depths.
 31710 | D:15     | Received a gift from Okawaru
 32040 | D:15     | Reached skill level 15 in Fighting
 32402 | Orc:1    | Entered Level 1 of the Orcish Mines
 32979 | Orc:2    | Entered Level 2 of the Orcish Mines
 32979 | Orc:2    | Found a staircase to the Elven Halls.
 33422 | Orc:2    | Found Helun's Distillery.
 33701 | Orc:2    | Found Vaveqeh's General Store.
 33740 | Orc:2    | Bought a potion of heal wounds for 85 gold pieces
 33807 | Orc:2    | Bought a scroll of acquirement for 780 gold pieces
 33807 | Orc:2    | Bought a potion of heal wounds for 75 gold pieces
 33807 | Orc:2    | Acquired a manual of Fighting
 33844 | Orc:2    | Noticed Rupert
 33848 | Orc:2    | Paralysed by Rupert for 5 turns
 34177 | Orc:2    | Received a gift from Okawaru
 34283 | Orc:2    | Reached skill level 16 in Fighting
 34683 | Orc:2    | Received a gift from Okawaru
 34684 | Orc:2    | Reached skill level 17 in Fighting
 34684 | Orc:2    | Reached XP level 17. HP: 161/161 MP: 21/21
 34879 | Orc:2    | Found Saolotiowk's Antique Armour Shop.
 34879 | Orc:2    | Found Syvuogg's Gadget Boutique.
 34880 | Orc:2    | Found a one-way gate leading to the halls of Pandemonium.
 34964 | Orc:2    | Paralysed by Rupert for 3 turns
 34976 | Orc:2    | Killed Rupert
 34976 | Orc:2    | Received a gift from Okawaru
 34977 | Orc:2    | Reached skill level 18 in Fighting
 34977 | Orc:2    | Got a polished scale mail {god gift}
 34978 | Orc:2    | Identified the +1 scale mail of Cowardice {*Contam Int+9}
                  | (Okawaru gifted it to you on level 2 of the Orcish Mines)
 35452 | D:7      | Found a transporter.
 35461 | D:7      | Killed lyrin's ghost
 35833 | Shoals:1 | Entered Level 1 of the Shoals
 36050 | Shoals:1 | Reached skill level 19 in Fighting
 37246 | Shoals:2 | Reached skill level 13 in Slings
 37331 | Shoals:2 | Noticed Polyphemus
 37344 | Shoals:2 | Killed Polyphemus
 37345 | Shoals:2 | Reached skill level 20 in Fighting
 37854 | Shoals:2 | Received a gift from Okawaru
 38083 | Shoals:2 | Received a gift from Okawaru
 38495 | Shoals:3 | Reached skill level 19 in Axes
 39187 | Shoals:4 | Entered Level 4 of the Shoals
 39739 | Shoals:4 | Reached XP level 18. HP: 171/178 MP: 22/22
 39776 | Shoals:4 | Found Remus's Jewellery Emporium.
 39784 | Shoals:4 | Bought an uncursed ring of see invisible for 180 gold
                  | pieces
 40181 | Shoals:4 | Noticed Aizul
 40207 | Shoals:4 | Killed Aizul
 40675 | Shoals:4 | Reached skill level 20 in Axes
 40794 | Shoals:4 | Reached skill level 1 in Evocations
 40844 | Shoals:4 | Received a gift from Okawaru
 40936 | Shoals:4 | Got a barnacled rune of Zot
 40956 | Shoals:4 | Reached skill level 2 in Evocations
 41121 | Shoals:4 | Reached skill level 7 in Invocations
 41528 | Vaults:1 | Entered Level 1 of the Vaults
 41733 | Vaults:1 | Reached skill level 3 in Evocations
 42012 | Vaults:1 | Reached skill level 8 in Invocations
 42018 | Vaults:1 | Reached skill level 4 in Evocations
 42132 | Vaults:1 | Reached skill level 5 in Evocations
 42350 | Vaults:1 | Received a gift from Okawaru
 42630 | Vaults:1 | Received a gift from Okawaru
 42813 | Vaults:1 | Received a gift from Okawaru
 43403 | Vaults:2 | Received a gift from Okawaru
 43417 | Vaults:2 | Reached skill level 9 in Dodging
 43423 | Vaults:2 | Received a gift from Okawaru
 43436 | Vaults:2 | Reached skill level 13 in Armour
 43606 | Vaults:2 | Noticed Bai Suzhen
 43657 | Vaults:2 | Noticed Margery
 43672 | Vaults:2 | Killed Bai Suzhen
 43672 | Vaults:2 | Received a gift from Okawaru
 43690 | Vaults:1 | Killed Margery
 43691 | Vaults:1 | Reached XP level 19. HP: 72/185 MP: 20/25
 43990 | Vaults:2 | Got a dazzling hat {god gift}
 43991 | Vaults:2 | Identified the +1 hat of Defence {Rampage} (Okawaru gifted
                  | it to you on level 2 of the Vaults)
 44545 | Vaults:2 | Reached skill level 10 in Dodging
 44802 | Vaults:2 | Reached skill level 14 in Armour
 45329 | Vaults:2 | Reached skill level 4 in Throwing
 45440 | Vaults:2 | Noticed Mennas
 45485 | Vaults:2 | Killed Mennas
 45485 | Vaults:2 | Received a gift from Okawaru
 45687 | Vaults:2 | Found Tixtateps's Armour Boutique.
 46557 | D:12     | You paid a toll of a +6 demon trident to enter a treasure
                  | trove
 46558 | Trove    | Entered a treasure trove
 47476 | Vaults:3 | Received a gift from Okawaru
 47482 | Vaults:3 | Reached skill level 5 in Throwing
 48542 | Vaults:3 | Reached skill level 11 in Dodging
 48556 | Vaults:3 | Found a staircase to the Crypt.
 48683 | Vaults:3 | Found Nutinuc's Magic Scroll Boutique.
 48720 | Vaults:3 | Acquired 942 gold pieces
 48971 | Orc:2    | Bought bloodstained pearl dragon scales for 3726 gold
                  | pieces
 48981 | Orc:2    | Identified the +4 pearl dragon scales of Protective Custody
                  | {rPois rN+ MR+ Stlth-} (You bought it in a shop on level 2
                  | of the Orcish Mines)
 49488 | Vaults:3 | Reached skill level 15 in Armour
 49510 | Vaults:3 | Reached skill level 6 in Throwing
 49554 | Vaults:3 | Noticed Saint Roka
 49575 | Vaults:3 | Killed Saint Roka
 49840 | Vaults:4 | Reached XP level 20. HP: 193/193 MP: 24/26
 49923 | Vaults:4 | Received a gift from Okawaru
 49924 | Vaults:4 | Got a pair of scorched gloves {god gift}
 50334 | Vaults:4 | Identified the +0 pair of gloves "Weowowki" {rF+} (Okawaru
                  | gifted it to you on level 4 of the Vaults)
 50714 | Vaults:4 | Found Itsiac's Assorted Antiques.
 50922 | Vaults:4 | Reached skill level 16 in Armour
 50928 | Vaults:4 | Reached skill level 12 in Dodging
 51511 | Vaults:4 | Found Zokuoh's General Store.
 52533 | Spider:1 | Entered Level 1 of the Spider Nest
 53294 | Spider:1 | Noticed Nikola
 53310 | Spider:1 | Killed Nikola
 53310 | Spider:1 | Received a gift from Okawaru
 53475 | Spider:1 | Reached skill level 17 in Armour
 54490 | Spider:2 | Reached skill level 13 in Dodging
 55086 | Spider:3 | Reached XP level 21. HP: 181/201 MP: 27/27
 56311 | Spider:4 | Entered Level 4 of the Spider Nest
 57035 | Spider:4 | Noticed Roxanne
 57052 | Spider:4 | Killed Roxanne
 57139 | Spider:4 | Reached skill level 18 in Armour
 57139 | Spider:4 | Reached skill level 9 in Shields
 57244 | Spider:4 | Received a gift from Okawaru
 57557 | Spider:4 | Reached skill level 10 in Shields
 58049 | Spider:4 | Received a gift from Okawaru
 58317 | Spider:4 | Got an ancient double sword {god gift}
 58473 | Spider:4 | Got a gossamer rune of Zot
 58940 | Crypt:1  | Entered Level 1 of the Crypt
 59622 | Crypt:1  | Acquired 735 gold pieces
 60062 | Crypt:1  | Noticed a royal mummy
 60068 | Crypt:1  | Noticed a royal mummy
 60279 | Crypt:1  | Noticed Khufu
 60331 | Crypt:1  | Received a gift from Okawaru
 60332 | Crypt:1  | Got a distressingly furry ring mail {god gift}
 60577 | Crypt:1  | Reached skill level 11 in Shields
 60628 | Crypt:1  | Killed a royal mummy
 60656 | Crypt:1  | Killed a royal mummy
 60657 | Crypt:1  | Reached XP level 22. HP: 67/211 MP: 24/28
 61135 | Crypt:1  | Found a runed translucent door.
 61426 | Crypt:1  | Noticed Jetyrhek's ghost (veteran GrEE)
 61487 | Crypt:2  | Reached skill level 14 in Dodging
 62485 | Crypt:2  | Noticed Xtahua
 62498 | Crypt:2  | Killed Xtahua
 62499 | Crypt:2  | Reached skill level 21 in Fighting
 62653 | Crypt:2  | Reached skill level 12 in Shields
 63501 | Crypt:3  | Entered Level 3 of the Crypt
 63614 | Crypt:3  | Got a masterwork plate armour
 63615 | Crypt:3  | Identified the +5 plate armour of a Thousand Wishes {+Blink
                  | rCorr SInv} (You found it on level 3 of the Crypt)
 63624 | Crypt:3  | Found a magical portal.
 63633 | WizLab   | Entered The Chambers of the Cloud Mage
 63634 | WizLab   | araganzar: ??cloud mage
 63634 | WizLab   | beem: cloud mage[1/2]: A randomly named unique mage
                  | residing in the Cloud Mage wizlab. Wears the Robe of
                  | Clouds, has an ego dagger/quickblade or staff of air,
                  | blinks, airstrikes, and clouds. No flame clouds though!
 63634 | WizLab   | araganzar: ??cloud mage[2
 63634 | WizLab   | beem: cloud mage wizlab[1/2]: Wizlab populated by wind
                  | drakes, air elementals, and insubstantial wisps. Has a
                  | randomly named {cloud mage} and air magic-themed loot at
                  | the end of it.
 63651 | WizLab   | Reached skill level 19 in Armour
 65053 | WizLab   | Identified the ring "Plog" {*Contam +Inv +Fly rPois Dex+6}
 65491 | WizLab   | Identified the Grimoire of Flight
 65505 | WizLab   | Identified a +1 pair of boots of running (You found it in a
                  | wizard's laboratory)
 65905 | Crypt:3  | Received a gift from Okawaru
 66008 | Crypt:3  | Got a scorched helmet {god gift}
 66029 | Crypt:3  | Found a staircase to the Tomb.
 66074 | Crypt:3  | Reached skill level 13 in Shields
 67090 | Crypt:3  | Reached XP level 23. HP: 205/222 MP: 29/29
 67751 | Crypt:3  | Noticed a royal mummy
 67751 | Crypt:3  | Paralysed by a sphinx for 7 turns
 67752 | Crypt:3  | Reached skill level 22 in Fighting
 68150 | Crypt:3  | Killed a royal mummy
 68151 | Crypt:3  | Reached skill level 20 in Armour
 69191 | Crypt:3  | Found an ancient bone altar of Kikubaaqudgha.
 69243 | Crypt:3  | Got a coiled platinum ring
 69243 | Crypt:3  | Got a coiled turquoise ring
 69245 | Crypt:3  | Identified the +1 helmet of Protective Custody {Harm MR-
                  | Str+5 Int+5} (Okawaru gifted it to you on level 3 of the
                  | Crypt)
 69248 | Crypt:3  | Identified the ring of Komul {rN+ Str+3 Int-4 Stlth+} (You
                  | found it on level 3 of the Crypt)
 69250 | Crypt:3  | Identified the ring "Wozosidd" {rN+ Dex+5} (You found it on
                  | level 3 of the Crypt)
 69252 | Crypt:3  | Got a pitted ivory ring
 69254 | Crypt:3  | Identified the ring "Vast" {rN+ Int+5 Dex+2} (You found it
                  | on level 3 of the Crypt)
 69260 | Crypt:3  | Got a bloodstained leather armour
 70593 | Vaults:4 | Bought a runed broad axe for 357 gold pieces
 70632 | Vaults:3 | Bought a scroll of enchant weapon for 97 gold pieces
 70632 | Vaults:3 | Bought a scroll of enchant weapon for 97 gold pieces
 70632 | Vaults:3 | Bought a scroll of enchant weapon for 97 gold pieces
 70632 | Vaults:3 | Bought a scroll of magic mapping for 45 gold pieces
 70632 | Vaults:3 | Bought a scroll of fear for 45 gold pieces
 70632 | Vaults:3 | Bought a scroll of enchant armour for 97 gold pieces
 71002 | Elf:1    | Entered Level 1 of the Elven Halls
 71141 | Elf:1    | Received a gift from Okawaru
 71552 | Elf:1    | Identified the Tome of Confrontation
 71664 | Elf:1    | Received a gift from Okawaru
 72007 | Elf:2    | Reached skill level 14 in Shields
 72229 | Elf:2    | Found a runed translucent gate.
 72229 | Elf:2    | Found a runed translucent gate.
 72229 | Elf:2    | Found a runed translucent gate.
 72350 | Elf:2    | Found a roughly hewn altar of Beogh.
 72380 | Elf:2    | Received a gift from Okawaru
 72949 | Elf:2    | Received a gift from Okawaru
 72968 | Elf:2    | Reached skill level 15 in Shields
 73490 | Elf:3    | Entered Level 3 of the Elven Halls
 73629 | Elf:3    | Reached skill level 16 in Shields
 73959 | Elf:3    | Got an encrusted scale mail
 73960 | Elf:3    | Identified the cursed +0 scale mail of the Arcane {rC++}
                  | (You found it on level 3 of the Elven Halls)
 74257 | Elf:3    | araganzar: ??gold dragon armor
 74257 | Elf:3    | beem: gold dragon armor ~ gold dragon armour ~ gold dragon
                  | scales[1/4]: 12AC, 23ER, rF+ rC+ rPois. Sometimes dropped
                  | by a {golden dragon} when it dies.
 74377 | Elf:3    | Reached XP level 24. HP: 204/230 MP: 28/29
 74503 | Elf:3    | Reached skill level 17 in Shields
 74618 | Elf:3    | Reached skill level 18 in Shields
 74631 | Elf:3    | Received a gift from Okawaru
 75253 | Elf:3    | Identified the Reference Book on Venomous Transmutation
 75271 | Elf:3    | Identified the Tome of Icy Summoning
 75291 | Elf:3    | Identified the Incunabulum of the Gliding Traveller
 75301 | Elf:3    | Got an ichor-stained plate armour
 75302 | Elf:3    | Identified the +8 plate armour of Compassion {rN++ MR-
                  | Regen+ Str+4} (You found it on level 3 of the Elven Halls)
 75859 | Depths:1 | Entered Level 1 of the Depths
 75885 | D:15     | Reached skill level 19 in Shields
 75913 | Depths:1 | Found a basalt altar of Yredelemnul.
 75988 | Depths:1 | Found a gateway to a ziggurat.
 76590 | Depths:1 | Received a gift from Okawaru
 76591 | Depths:1 | Reached skill level 20 in Shields
 76788 | Depths:1 | Found a gateway to Hell.
 77149 | Depths:2 | Received a gift from Okawaru
 77862 | Depths:2 | Found Vegguy Vaist's Armour Emporium.
 77865 | Depths:2 | Found Vapime's Weapon Emporium.
 77865 | Depths:2 | Found Tifuer's General Store.
 77868 | Depths:2 | Found Hinkixtu's Weapon Shoppe.
 77874 | Depths:2 | Reached XP level 25. HP: 238/238 MP: 29/29
 77874 | Depths:2 | Received a gift from Okawaru
 77896 | Depths:2 | Bought a scroll of brand weapon for 320 gold pieces
 78094 | Depths:2 | Reached skill level 21 in Shields
 78820 | Depths:2 | Got a crude graven amulet
 78821 | Depths:2 | Identified the amulet "Qiaprif" {Inacc MR+ Int+4} (You
                  | found it on level 2 of the Depths)
 79494 | Depths:2 | Received a gift from Okawaru
 79694 | Depths:3 | Reached skill level 22 in Shields
 80067 | Depths:3 | Received a gift from Okawaru
 80070 | Depths:3 | Got a distressingly furry kite shield {god gift}
 80071 | Depths:3 | Identified the +3 kite shield "Bijiciz" {rPois rCorr MP+9}
                  | (Okawaru gifted it to you on level 3 of the Depths)
 80221 | Depths:3 | Reached skill level 9 in Invocations
 80660 | Depths:3 | Acquired an uncursed amulet of regeneration
 80661 | Depths:3 | Acquired 613 gold pieces
 80662 | Depths:3 | Acquired 704 gold pieces
 80733 | Depths:3 | Reached skill level 10 in Invocations
 80820 | Depths:3 | Noticed the Enchantress
 80839 | Depths:3 | Killed the Enchantress
 80963 | Depths:3 | Reached skill level 21 in Armour
 81050 | Depths:3 | Got a jewelled leather armour
 81526 | Depths:4 | Noticed a juggernaut
 81554 | Depths:3 | Killed a juggernaut
 81554 | Depths:3 | Received a gift from Okawaru
 81555 | Depths:3 | Reached XP level 26. HP: 238/246 MP: 30/30
 81778 | Depths:4 | Reached skill level 23 in Shields
 81864 | Depths:4 | Identified the ring "Zoyprool" {+Fly Int+7}
 81899 | Depths:4 | Reached skill level 22 in Armour
 82558 | Depths:4 | Found a one-way gate to the infinite horrors of the Abyss.
 82628 | Depths:5 | Entered Level 5 of the Depths
 82879 | Depths:5 | Received a gift from Okawaru
 82888 | Depths:5 | Identified the +4 rapier "Heuptok" {vorpal, rPois MP+9
                  | Int+2}
 83001 | Depths:4 | Reached skill level 24 in Shields
 83003 | Depths:4 | Learned a level 1 spell: Animate Skeleton
 83005 | Depths:4 | Learned a level 1 spell: Apportation
 83008 | Depths:4 | Learned a level 2 spell: Blink
 83011 | Depths:4 | Learned a level 2 spell: Wereblood
 83067 | Depths:5 | Received a gift from Okawaru
 83068 | Depths:5 | Reached skill level 1 in Necromancy
 83081 | Depths:5 | Got a pair of distressingly furry gloves {god gift}
 83093 | Depths:5 | Identified the +0 pair of gloves "Urebront" {MR+ SInv}
                  | (Okawaru gifted it to you on level 5 of the Depths)
 83094 | Depths:5 | Acquired 734 gold pieces
 83199 | Depths:5 | Reached skill level 1 in Translocations
 83262 | Depths:5 | Reached skill level 1 in Spellcasting
 83262 | Depths:5 | Reached skill level 1 in Transmutations
 83278 | Depths:5 | Reached skill level 2 in Necromancy
 83385 | Depths:5 | Reached skill level 2 in Translocations
 83385 | Depths:5 | Reached skill level 2 in Transmutations
 83388 | Depths:5 | Reached skill level 2 in Spellcasting
 83389 | Depths:5 | Reached skill level 3 in Necromancy
 83649 | Depths:5 | Reached skill level 3 in Translocations
 83802 | Depths:5 | Reached skill level 4 in Necromancy
 83802 | Depths:5 | Reached skill level 3 in Transmutations
 83831 | Depths:5 | Reached skill level 3 in Spellcasting
 83831 | Depths:5 | Reached XP level 27. HP: 229/252 MP: 30/30
 83864 | Depths:5 | Found a gate to the Realm of Zot.
 83919 | Depths:5 | Reached skill level 4 in Translocations
 84097 | Depths:5 | Reached skill level 4 in Transmutations
 84142 | Depths:5 | Noticed a juggernaut
 84171 | Depths:5 | Killed a juggernaut
 84663 | D:14     | Bought a book of Unlife for 650 gold pieces
 84663 | D:14     | Bought a Necronomicon for 1104 gold pieces
 84685 | D:14     | Bought a wand of acid (4) for 176 gold pieces
 84685 | D:14     | Bought a wand of acid (9) for 286 gold pieces
 85104 | Vaults:5 | Entered Level 5 of the Vaults
 85147 | Vaults:5 | Noticed Boris
 85171 | Vaults:5 | Killed Boris
 85171 | Vaults:5 | Received a gift from Okawaru
 85172 | Vaults:5 | Reached skill level 23 in Fighting
 85269 | Vaults:5 | Received a gift from Okawaru
 85377 | Vaults:5 | Identified the Almanac of Cankerous Illusion
 85490 | Vaults:5 | Found the +3 crown of Dyrovepreva {rElec Int+2 SInv}
 85628 | Vaults:5 | Reached skill level 24 in Fighting
 85748 | Vaults:5 | Got a shimmering chain mail
 85749 | Vaults:5 | Identified the +4 chain mail of the Saviour {Str+6 Dex-2}
                  | (You found it on level 5 of the Vaults)
 85896 | Vaults:5 | Identified the cursed +0 trident of Cuguonie {drain, Str-5
                  | Dex+7}
 85902 | Vaults:5 | Received a gift from Okawaru
 86040 | Vaults:5 | Reached skill level 25 in Shields
 86045 | Vaults:5 | Learned a level 4 spell: Animate Dead
 86520 | Vaults:5 | Reached skill level 6 in Evocations
 86646 | Vaults:5 | Reached skill level 11 in Invocations
 86776 | Vaults:5 | Got a scorched kite shield
 86793 | Vaults:5 | Identified the +0 kite shield "Mooc" {Harm rElec rC- Int+3}
                  | (You found it on level 5 of the Vaults)
 86910 | Vaults:5 | Received a gift from Okawaru
 87082 | Vaults:5 | Got a silver rune of Zot
 87182 | Vaults:5 | Noticed an ancient lich
 87195 | Vaults:5 | Killed an ancient lich
 87557 | Lair:1   | Upgraded the game from 0.26-a0-958-gf3041fb to
                  | 0.26-a0-961-gf5feefd
 87566 | Lair:1   | Upgraded the game from 0.26-a0-961-gf5feefd to
                  | 0.26-a0-962-g9b92081
 87566 | Lair:1   | Upgraded the game from 0.26-a0-962-g9b92081 to
                  | 0.26-a0-966-gd078a86
 87566 | Lair:1   | Upgraded the game from 0.26-a0-966-gd078a86 to
                  | 0.26-a0-967-g64875d0
 87875 | Zot:1    | Entered Level 1 of the Realm of Zot
 87898 | Zot:1    | Reached skill level 7 in Evocations
 88319 | Zot:1    | Reached skill level 12 in Invocations
 88479 | Zot:1    | Reached skill level 8 in Evocations
 88841 | Zot:1    | Noticed an orb of fire
 88849 | Zot:1    | Gained mutation: You are dopey. (Int -2) [an orb of fire]
 88858 | Zot:1    | Killed an orb of fire
 89122 | Zot:2    | Reached skill level 15 in Dodging
 89255 | Zot:2    | Reached skill level 9 in Evocations
 89303 | Zot:2    | Received a gift from Okawaru
 89428 | Zot:2    | Reached skill level 25 in Fighting
 89622 | Zot:2    | Received a gift from Okawaru
 89935 | Zot:3    | Received a gift from Okawaru
 89943 | Zot:3    | Reached skill level 10 in Evocations
 90571 | Zot:3    | Received a gift from Okawaru
 90598 | Zot:3    | Reached skill level 16 in Dodging
 91193 | Zot:4    | Reached skill level 7 in Throwing
 91291 | Zot:4    | Reached skill level 8 in Throwing
 91614 | Zot:4    | Reached skill level 9 in Throwing
 91927 | Zot:4    | Received a gift from Okawaru
 92123 | Zot:4    | Noticed an ancient lich
 92151 | Zot:4    | Killed an ancient lich
 92152 | Zot:4    | Reached skill level 10 in Throwing
 92160 | Zot:4    | Received a gift from Okawaru
 92183 | Zot:4    | Found a stormy altar of Qazlal.
 92278 | Zot:4    | Reached skill level 17 in Dodging
 92350 | Zot:4    | Received a gift from Okawaru
 92394 | Zot:4    | Received a gift from Okawaru
 92395 | Zot:4    | Reached skill level 11 in Throwing
 92857 | Zot:5    | Entered Level 5 of the Realm of Zot
 93872 | Zot:5    | Received a gift from Okawaru
 94003 | Zot:5    | araganzar: ??pie
 94003 | Zot:5    | beem: pie[1/2]: A custard pie. Use it to blind enemies, or
                  | as a snack.
 94003 | Zot:5    | araganzar: ??pie[2
 94003 | Zot:5    | beem: pie[2/2]: You throw a tomahawk. The tomahawk blinds
                  | the orb of fire.
 94003 | Zot:5    | araganzar: ??killer klown
 94003 | Zot:5    | beem: killer klown[1/5]: Zot monster with a lot of HP and
                  | {klown} melee. In 0.23, they have a throw {klown pie}
                  | ability and no longer have klown melee, getting a well
                  | enchanted and probably branded {club} instead.
 94003 | Zot:5    | araganzar: ??killer klown[5
 94003 | Zot:5    | beem: killer klown[5/5]: You die... The Killer Klown says,
                  | "Trust me, I'm a doctor." You are now level 23! You rejoin
                  | the land of the living...
 94003 | Zot:5    | araganzar: ??killer klown[3
 94003 | Zot:5    | beem: killer klown[3/5]:
                  | http://en.wikipedia.org/wiki/Killer_Klowns_from_Outer_Space
 94003 | Zot:5    | araganzar: ??killer klown[4
 94003 | Zot:5    | beem: killer klown[4/5]: !lg jfunk killer=killer_klown
                  | max=sdam -tv
 94003 | Zot:5    | araganzar: ??killer klown[2
 94003 | Zot:5    | beem: killer klown[2/5]: Can do 148 damage in a hit if you
                  | have rC-. Otherwise, not all that dangerous. See: !lg doy
                  | DDBe place=zot:5 1 -tv, !lg Tenaya DDBe place=zot:5 1 -tv,
                  | !lg coyo7e HuWz place=zot:4 1 -tv
 94139 | Zot:5    | Reached skill level 12 in Throwing
 94272 | Zot:5    | Received a gift from Okawaru
 94396 | Zot:5    | Noticed an ancient lich
 94424 | Zot:5    | Killed an ancient lich
 94424 | Zot:5    | Received a gift from Okawaru
 94425 | Zot:5    | Reached skill level 18 in Dodging
 94462 | Zot:5    | Noticed an ancient lich
 94476 | Zot:5    | Killed an ancient lich
 94476 | Zot:5    | Received a gift from Okawaru
 94606 | Zot:5    | Noticed an orb of fire
 94631 | Zot:5    | Killed an orb of fire
 95135 | Zot:5    | Received a gift from Okawaru
 95257 | Zot:5    | Noticed an orb of fire
 95267 | Zot:5    | Noticed an orb of fire
 95276 | Zot:5    | Killed an orb of fire
 95282 | Zot:5    | Gained mutation: You are frail. (-10% HP) [an orb of fire]
 95300 | Zot:5    | Slain by an Orb Guardian

Vanquished Creatures
  3 orbs of fire
  2 juggernauts
  4 ancient liches
  Boris (Vaults:5)
  3 Killer Klowns
  3 royal mummies
  Margery (Vaults:1)
  Bai Suzhen (Vaults:2)
  Xtahua (Crypt:2)
  Saint Roka (Vaults:3)
  3 curse toes
  6 caustic shrikes
  Nikola (Spider:1)
  8 golden dragons
  the Enchantress (Depths:3)
  A large abomination (Elf:3)
  4 liches
  Rupert (Orc:2)
  A shard shrike zombie (Crypt:1)
  A Cloud Mage (WizLab)
  An electric golem (Zot:5)
  16 tentacled monstrosities
  An iron giant (Zot:4)
  A Hell Sentinel (Zot:5)
  21 Orb Guardians (Zot:5)
  3 titans
  2 deep elf blademasters (Elf:3)
  2 deep elf master archers (Elf:3)
  13 sphinxes
  12 quicksilver dragons
  10 death cobs
  3 ancient champions
  Polyphemus (Shoals:2)
  3 revenants (Crypt:3)
  A storm dragon (shapeshifter) (Depths:3)
  22 draconian monks
  13 storm dragons
  16 shadow dragons
  13 tengu reavers
  17 fire giants
  Roxanne (Spider:4)
  5 ghost moths
  12 frost giants
  14 vault wardens
  2 draconian knights (Zot:1)
  5 emperor scorpions
  8 deep elf sorcerers
  2 iron dragons (shapeshifter) (Depths:3)
  6 iron dragons
  Aizul (Shoals:4)
  An orc warlord (Elf:2)
  4 draconian shifters
  10 deep elf elementalists
  5 draconian scorchers
  4 curse skulls
  An angel (Depths:1)
  9 ironheart preservers
  5 draconian stormcallers
  7 ghouls
  6 draconian annihilators
  7 war gargoyles
  16 very ugly things
  5 spriggan defenders
  Nessos (Lair:6)
  6 deep elf demonologists
  3 entropy weavers
  25 stone giants
  20 black draconians
  7 vampire knights
  14 green draconians
  5 deep elf annihilators
  15 white draconians
  A lorocyproca (Depths:3)
  13 purple draconians
  8 yellow draconians
  Snorg (D:14)
  8 red draconians
  12 ettins
  14 spark wasps
  2 crystal guardians (Depths:3)
  5 blizzard demons (WizLab)
  5 merfolk javelineers
  5 eidola
  13 fire dragons
  10 deep elf death magi (Elf:3)
  4 merfolk impalers
  6 mummy priests (Crypt:3)
  8 great orbs of eyes
  13 ogre magi
  13 yaktaur captains
  3 hydras
  4 deep elf high priests
  12 jiangshi
  32 vault guards
  A ghost crab (WizLab)
  7 rakshasas
  22 ice dragons
  4 boulder beetles
  7 death knights
  3 catoblepae
  11 spriggan air magi
  5 merfolk avatars
  16 centaur warriors
  4 merfolk aquamancers (Shoals:4)
  35 two-headed ogres
  30 dancing weapons
  An alligator snapping turtle (Shoals:3)
  13 deep troll earth magi
  6 tengu warriors
  15 death yaks
  2 titan zombies (Crypt:1)
  11 orc high priests
  2 deep troll shamans
  21 deep elf knights
  5 spriggan berserkers
  11 vampire magi
  8 shock serpents
  4 soul eaters
  19 hell knights
  A storm dragon skeleton (Vaults:3)
  A shock serpent (shapeshifter) (Depths:3)
  4 shadow wraiths
  25 skeletal warriors
  A death drake (shapeshifter) (Vaults:5)
  A spark wasp zombie (Depths:2)
  A gelid demonspawn (Orc:2)
  2 torturous demonspawn (Orc:2)
  6 death drakes
  12 sea snakes
  The ghost of lyrin the Frost Mage, a novice MfIE of Nemelex Xobeh (D:7)
  9 flayed ghosts
  An unseen horror (shapeshifter) (Vaults:1)
  5 wizards
  A deep troll (shapeshifter) (Depths:2)
  5 glowing orange brains
  13 ironbrand convokers
  13 phantasmal warriors
  A swamp dragon (shapeshifter) (Depths:3)
  13 necromancers
  5 deep trolls (Depths:5)
  22 deep elf archers
  4 bog bodies
  4 unseen horrors
  4 lindwurms
  22 orc knights
  A mana viper (shapeshifter) (Vaults:4)
  4 oklob plants
  4 orc sorcerers
  An iron dragon zombie (Crypt:1)
  An anaconda skeleton (Crypt:2)
  24 orb spiders
  22 harpies
  A manticore (shapeshifter) (Vaults:3)
  2 fauns (Shoals:1)
  69 deep elf magi
  A frost giant zombie (Crypt:2)
  28 ugly things
  12 manticores
  3 shadow dragon skeletons (Crypt:1)
  7 cyclopes
  30 moths of wrath
  29 wolf spiders
  A tengu skeleton (Vaults:3)
  A fire giant skeleton (Crypt:1)
  14 elephants
  A naga mage (D:15)
  An elephant (shapeshifter) (Vaults:4)
  4 black mambas
  A stone giant skeleton (Depths:2)
  2 ice statues (IceCv)
  A rust devil (Orc:2)
  A torpor snail (shapeshifter) (D:15)
  2 molten gargoyles
  4 water nymphs
  2 frost giant skeletons
  An apocalypse crab (WizLab)
  9 merfolk sirens
  16 vault sentinels
  15 cane toads
  A guardian serpent (shapeshifter) (Vaults:4)
  3 torpor snails
  5 gargoyles
  15 rime drakes
  A shock serpent skeleton (Crypt:3)
  An efreet (Depths:3)
  7 freezing wraiths
  A catoblepas zombie (Crypt:1)
  11 komodo dragons
  11 demonic crawlers
  34 yaktaurs
  12 ice devils
  4 tengu conjurers
  41 guardian mummies
  An iron troll skeleton (Crypt:2)
  2 meliai (shapeshifter)
  18 merfolk
  6 trolls
  A hydra zombie (Crypt:1)
  27 jumping spiders
  2 polar bears (Lair:6)
  2 merfolk (shapeshifter)
  8 wind drakes
  7 snapping turtles
  Grinder (D:3)
  An iron dragon simulacrum (Depths:2)
  A satyr zombie (Crypt:3)
  16 hornets
  An alligator zombie (Crypt:1)
  24 slime creatures
  14 dream sheep
  2 dream sheep (shapeshifter) (Depths:2)
  23 blink frogs
  15 flying skulls
  A centaur simulacrum (D:15)
  A tarantella (shapeshifter) (Vaults:1)
  64 redbacks
  A shadow (D:15)
  7 water elementals
  A vampire (D:14)
  13 air elementals
  A fire dragon skeleton (Crypt:1)
  34 tarantellas
  9 wyverns
  An ice dragon skeleton (Crypt:3)
  5 ushabtiu
  9 wraiths
  2 fire bats (Volcano)
  5 spriggans
  10 steam dragons (Lair:3)
  3 basilisks
  A fire elemental (Elf:2)
  A wyvern (shapeshifter) (Vaults:5)
  47 yaks
  A chaos spawn (Orc:2)
  9 humans (D:13)
  A neqoxec (Orc:2)
  10 vampire mosquitoes
  A soldier ant (D:12)
  4 wargs
  A yaktaur simulacrum (Vaults:1)
  A swamp worm (shapeshifter) (Vaults:5)
  A two-headed ogre zombie (Crypt:3)
  13 water moccasins
  2 acid dragons
  A deep troll skeleton (Vaults:3)
  62 orc warriors
  6 black bears
  Purgy (Sewer)
  5 swamp drakes (Depths:5)
  4 ice beasts
  An ettin simulacrum (Vaults:3)
  2 manticore zombies (Crypt:2)
  An elephant zombie (Crypt:2)
  2 eyes of draining (shapeshifter)
  4 sky beasts
  A black bear (shapeshifter) (D:15)
  6 boggarts
  2 eyes of draining
  A fire dragon simulacrum (Crypt:1)
  A phantom (D:10)
  45 ogres
  A wolf (shapeshifter) (Vaults:4)
  27 wolves
  An ogre (shapeshifter) (D:15)
  22 centaurs
  A big kobold (D:13)
  A fire crab zombie (Crypt:3)
  2 hog skeletons (Crypt:2)
  A palentonga zombie (Crypt:1)
  24 bullfrogs
  9 gnoll sergeants
  2 earth elementals
  A water moccasin zombie (Crypt:1)
  A human skeleton (Vaults:1)
  2 scorpions
  A water moccasin skeleton (Crypt:1)
  16 killer bees
  3 human simulacra
  A spriggan zombie (Crypt:1)
  An elf simulacrum (Vaults:1)
  10 howler monkeys
  14 wights
  A bullfrog zombie (D:13)
  5 lava snakes (Volcano)
  A human zombie (Crypt:2)
  11 hounds
  6 gnoll shamans (Bailey)
  35 orc priests
  5 centaur zombies
  4 jellies
  16 orc wizards
  3 bullfrog skeletons
  5 centaur skeletons
  7 iguanas
  4 worker ants
  A killer bee zombie (D:5)
  A dwarf skeleton (Crypt:2)
  A hound zombie (D:6)
  2 hound skeletons
  11 mummies
  A howler monkey zombie (D:6)
  18 gnolls
  A howler monkey skeleton (Crypt:1)
  16 adders
  2 river rats (D:4)
  A steam dragon zombie (Crypt:1)
  A steam dragon skeleton (Crypt:2)
  A swamp drake skeleton (Crypt:1)
  2 shadow imps
  8 white imps
  10 ufetubi
  An ooze (D:2)
  An adder zombie (D:7)
  A halfling zombie (Crypt:1)
  A worm zombie (Crypt:3)
  2 adder skeletons
  A halfling skeleton (Crypt:3)
  A worm (D:3)
  4 dart slugs
  6 leopard geckos
  79 orcs
  13 giant cockroaches
  11 goblins
  2 hobgoblins
  14 jackals
  14 kobolds
  7 quokkas
  3 ball pythons
  13 bats
  8 frilled lizards
  A leopard gecko zombie (D:6)
  A quokka zombie (D:8)
  12 rats
  4 crawling corpses (Vaults:5)
2642 creatures vanquished.

Vanquished Creatures (collateral kills)
  Mennas (Vaults:2)
1 creature vanquished.

Vanquished Creatures (others)
  A tentacled monstrosity (Zot:1)
  A storm dragon (Zot:1)
  A draconian monk (Zot:1)
  A reaper (IceCv)
  A deep elf demonologist (Elf:3)
  A vault guard (Vaults:5)
  A ghost crab (WizLab)
  An ogre mage (Depths:2)
  A shock serpent (WizLab)
  A deep elf mage (Elf:1)
  2 manticores
  A freezing wraith (Vaults:4)
  A blink frog (shapeshifter) (Depths:2)
  A human (D:13)
  2 orc warriors (Orc:1)
  2 white imps (IceCv)
  3 ufetubi (IceCv)
  An orc (Vaults:2)
  42 fungi
  87 plants
  2 withered plants (D:3)
154 creatures vanquished.

Grand Total: 2797 creatures vanquished
